Map: 엔디온 잔해

Players

llllllllllll (Scarlett)

  • Race: Zerg Zerg
  • League: Grandmaster

llIIIllIlIll - Winner!

  • Race: Zerg Zerg
  • League: Grandmaster

VOD

Have the link to the VOD?

Description

Time

  • Played on: April 10, 2016, 3:35 a.m.
  • Length: 7:04
Show
View Real Time Build Order
Export as new Build Order

llllllllllll Zerg 

Build Orders: Hatch First 

Get SALT Encoding   

  12  0:00  Drone  
  13  0:08  Drone  
  14  0:18  Overlord  
  14  0:22  Extractor  
  14  0:23  Drone  
  15  0:36  Drone x2  
  17  0:51  Hatchery  
  17  0:54  Drone  
  17  1:08  Spawning Pool  
  17  1:10  Extractor  
  15  1:13  Drone  
  15  1:16  Drone  
  17  1:20  Drone  
  18  1:28  Drone  
  19  1:39  Overlord  
  19  1:54  Drone  
  20  1:55  Queen  
  20  1:59  Drone  
  23  2:03  Drone  
  23  2:04  Queen  
  26  2:09  Zergling x2  
  26  2:14  Metabolic Boost  
  26  2:15  Drone  
  28  2:21  Drone  
  29  2:27  Drone  
  30  2:30  Queen  
  30  2:35  Zergling x4  
  34  2:45  Overlord  
  34  2:46  Drone  
  35  2:58  Overlord, Drone  
  36  3:02  Lair  
  36  3:12  Drone x4  
  40  3:13  Overlord  
  40  3:14  Drone x2  
  42  3:22  Overlord  
  42  3:23  Drone  
  42  3:26  Extractor  
  42  3:28  Extractor  
  39  3:35  Drone x2  
  41  3:42  Overlord  
  41  3:43  Drone x3  
  41  3:46  Extractor  
  43  3:51  Drone  
  44  3:57  Drone  
  44  4:01  Spire  
  44  4:02  Drone x2  
  46  4:08  Overseer  
  46  4:10  Drone  
  46  4:15  Drone x2  
  49  4:23  Drone x3  
  52  4:27  Hatchery  
  52  4:30  Hatchery  
  51  4:32  Drone  
  52  4:39  Baneling Nest, Drone  
  52  4:51  Drone x3  
  52  4:52  Drone x2  
  57  4:53  Overlord  
  57  4:55  Zergling x2  
  58  5:07  Overlord  
  58  5:08  Overlord  
  58  5:13  Mutalisk  
  58  5:14  Mutalisk x2  
  64  5:22  Mutalisk x3  
  64  5:26  Baneling x3  
  70  5:37  Mutalisk  
  70  5:39  Extractor x2, Drone x5  
  70  5:42  Drone  
  76  5:53  Mutalisk x2  
  80  6:01  Mutalisk  
  80  6:03  Drone x5  
  87  6:07  Mutalisk  
  89  6:15  Mutalisk  
  89  6:17  Drone  
  89  6:18  Drone x5  
  97  6:37  Overlord, Hatchery  
  97  6:38  Overlord x3  
  96  6:43  Infestation Pit  
Show
View Real Time Build Order
Export as new Build Order

llIIIllIlIll Zerg - Winner!

Build Orders: Hatch First 

Get SALT Encoding   

  12  0:00  Drone  
  13  0:12  Overlord  
  13  0:17  Drone  
  14  0:31  Drone x2  
  14  0:34  Drone  
  17  0:52  Hatchery  
  17  0:54  Drone  
  17  0:58  Drone  
  18  1:05  Extractor  
  17  1:12  Spawning Pool  
  17  1:15  Drone  
  17  1:18  Drone  
  18  1:32  Drone  
  19  1:42  Overlord  
  19  2:02  Zergling x4  
  19  2:03  Queen  
  19  2:04  Queen  
  19  2:05  Metabolic Boost  
  19  2:06  Drone  
  26  2:11  Drone  
  26  2:15  Drone  
  28  2:22  Drone  
  29  2:25  Drone  
  30  2:32  Drone, Baneling Nest  
  30  2:36  Drone  
  31  2:43  Drone  
  32  2:56  Hatchery  
  32  2:57  Overlord  
  31  3:01  Drone  
  31  3:02  Drone  
  31  3:04  Drone  
  34  3:09  Drone  
  35  3:13  Drone  
  35  3:16  Drone x4  
  35  3:18  Drone  
  42  3:24  Lair  
  42  3:26  Drone  
  43  3:29  Overlord  
  43  3:32  Drone  
  43  3:35  Drone  
  43  3:39  Extractor  
  42  3:41  Drone  
  42  3:42  Extractor  
  42  3:43  Drone x2  
  42  3:47  Queen, Extractor  
  45  3:49  Drone  
  45  3:50  Drone  
  47  3:55  Drone  
  47  3:56  Drone x2  
  47  4:02  Drone  
  51  4:05  Drone  
  51  4:08  Drone  
  53  4:10  Queen  
  53  4:13  Drone x2  
  53  4:14  Drone  
  53  4:16  Overlord  
  58  4:19  Overlord  
  58  4:28  Overlord  
  58  4:29  Overseer  
  58  4:33  Extractor  
  58  4:35  Extractor, Drone  
  58  4:36  Spire, Drone x2  
  58  4:39  Drone x2  
  58  4:40  Drone  
  58  4:42  Drone  
  58  4:44  Drone  
  64  4:45  Drone  
  64  4:49  Drone x2  
  64  4:51  Drone x2  
  68  4:53  Drone  
  68  4:55  Drone x2  
  71  5:11  Overlord x2  
  71  5:12  Overlord  
  71  5:20  Zergling x16  
  71  5:21  Spore Crawler, Zergling x4  
  80  5:29  Overlord  
  80  5:30  Overlord  
  80  5:39  Overlord  
  80  5:49  Mutalisk x7  
  82  5:52  Mutalisk  
  82  5:54  Mutalisk  
  82  5:56  Mutalisk  
  98  5:59  Mutalisk  
  101  6:06  Mutalisk  
  101  6:07  Mutalisk x2  
  105  6:22  Overlord, Hatchery  
  105  6:23  Mutalisk  
  105  6:24  Mutalisk x2  
  110  6:29  Overlord  
  110  6:30  Overlord  
  110  6:33  Mutalisk  
  110  6:36  Zergling x2  
  110  6:37  Zergling x6  
  116  6:44  Overlord  
  116  6:45  Overlord  
Tags
 
Add a new tag
Caveats
  • Supply blocks, unpowered buildings, or Contaminate may cause inaccurate times.
  • Supply counts are checked every 10 seconds.